 Dungeon Crawl Stone Soup version 0.22-a0-469-gf26638a (webtiles) character file.

2848 protoss039 the Fighter (level 9, -2/61 HPs)
             Began as a Gargoyle Monk on June 11, 2018.
             Was a Believer of Okawaru.
             Slain by a two-headed ogre
             ... wielding a +0 giant spiked club
              (5 damage)
             ... on level 7 of the Dungeon.
             The game lasted 00:24:31 (6771 turns).

protoss039 the Fighter (Gargoyle Monk)              Turns: 6771, Time: 00:24:31

Health: -2/61      AC: 18    Str: 19    XL:     9   Next: 74%
Magic:  0/12       EV:  7    Int: 12    God:    Okawaru [**....]
Gold:   443        SH:  0    Dex: 12    Spells: 8/8 levels left

rFire    . . .     SeeInvis .   a - +1 mace
rCold    . . .     Gourm    .   (no shield)
rNeg     + . .     Faith    .   k - +0 plate armour
rPois    ∞         Spirit   +   (no helmet)
rElec    +         Reflect  .   (no cloak)
rCorr    .         Harm     .   (no gloves)
MR       .....                  (no boots)
Stlth    ..........             g - amulet of guardian spirit
HPRegen  0.20/turn              (no ring)
MPRegen  0.13/turn              (no ring)

@: about to teleport
A: hooves 1, clever 1, negative energy resistance 1, electricity resistance,
unbreathing, petrification resistance, rot immunity, MP-powered wands, sturdy
frame 1, AC +6
a: Heroism, Renounce Religion


You were on level 7 of the Dungeon.
You worshipped Okawaru.
Okawaru was pleased with you.
You were not hungry.

You visited 2 branches of the dungeon, and saw 9 of its levels.

You collected 443 gold pieces.

Inventory:

Hand Weapons
 a - a +1 mace (weapon)
Armour
 k - a +0 plate armour (worn)
 y - a +0 cloak
Jewellery
 g - an amulet of guardian spirit (around neck)
Wands
 j - a wand of digging (17)
 p - a wand of iceblast (6)
 r - a wand of polymorph (16)
 s - a wand of scattershot (4)
Scrolls
 b - 2 scrolls of enchant weapon
 d - a scroll of amnesia
 e - 6 scrolls of teleportation
 h - 10 scrolls of identify
 i - 5 scrolls of immolation {unknown}
 l - 2 scrolls of magic mapping {unknown}
 m - 3 scrolls of remove curse
 o - 3 scrolls of enchant armour {unknown}
 x - a scroll of fear {unknown}
Potions
 f - 2 potions of magic
 n - a potion of heal wounds {unknown}
 q - a potion of invisibility {unknown}
 t - a potion of cancellation {unknown}
 u - a potion of might {unknown}
 v - a potion of curing {unknown}
 w - a potion of lignification
 A - a potion of brilliance {unknown}
Comestibles
 c - 15 rations


   Skills:
 - Level 9.5 Fighting
 - Level 8.8 Maces & Flails
 + Level 4.5 Armour
 - Level 2.4 Dodging
 - Level 2.1 Stealth
 * Level 4.5 Invocations


You had 8 spell levels left.
You didn't know any spells.
Your spell library was empty.

Dungeon Overview and Level Annotations

Branches:
Dungeon (8/15)             Temple (1/1) D:6
   Lair: D:8-11

Altars:
Ashenzari
Cheibriados
Dithmenos
Elyvilon
Fedhas
Gozag
Hepliaklqana
Kikubaaqudgha
Makhleb
Nemelex Xobeh
Okawaru
Qazlal
Ru
Sif Muna
Trog
Uskayaw
Vehumet
Wu Jian
Xom
Yredelemnul
Zin
The Shining One

Shops:
D:8 }

Annotations:
D:5 Karim's ghost, novice GnWr


Innate Abilities, Weirdness & Mutations

You are resistant to torment.
Your stone body is resilient. (AC +6)
You are immune to poison.
You resist negative energy. (rN+)
You are resistant to electric shocks. (rElec)
You can survive without breathing.
You are immune to petrification.
You are immune to rotting.
You have large cloven feet.
Your mind is acute. (Int +2)
You expend magic power (3 MP) to strengthen your wands.
Your movements are slightly less encumbered by armour. (ER -2)


Message History

The two-headed ogre hits you with a giant club!
* * * LOW HITPOINT WARNING * * *
You cannot teleport because you are held in place by your roots.
You hit the two-headed ogre.
The two-headed ogre is moderately wounded.
You hit the two-headed ogre.
The two-headed ogre is moderately wounded.
You feel less wooden.
Your +0 plate armour unmelds from your body.
The two-headed ogre barely misses you.
The two-headed ogre hits you with a giant club.
* * * LOW HITPOINT WARNING * * *
Unknown command.
Okay, then.
As you read the scroll of teleportation, it crumbles to dust.
You feel strangely unstable.
The two-headed ogre hits you with a giant spiked club!
* * * LOW HITPOINT WARNING * * *
The two-headed ogre hits you with a giant club.
You die...

### #######
#########.############# #.....#
#..(..(..<............. #.....#
#.#...#(#.############. #.....#
#.#...#.#.# #.##...
#.....####.#...#.#########.##...
#.........>...O@....[......[....
#.(..^...#.###############.####.
##.......#.# #.##...
#####'###.#.# #.##.##
#.........#.# #.##...
#.......###.# #....##
#.........#.# ###....
....<#....#.# #....
######....#.# #....


You could see a two-headed ogre.

Vanquished Creatures
  The ghost of zard0z the Sneak, a novice SpEn (D:4)
  A wyvern (D:8)
  A black bear (D:6)
  2 porcupines (D:8)
  A sky beast (D:6)
  2 phantoms
  4 ogres
  2 centaurs
  3 bullfrogs
  3 scorpions
  A wyvern skeleton (D:6)
  A howler monkey (D:4)
  A centaur zombie (D:5)
  4 crimson imps
  A quasit (D:7)
  2 bullfrog skeletons
  3 orc priests
  A hound (D:5)
  7 orc wizards
  Natasha (D:3)
  2 iguanas
  2 worker ants (D:6)
  A hound zombie (D:5)
  A hound skeleton (D:6)
  8 adders
  10 gnolls
  A howler monkey skeleton (D:5)
  A shadow imp (D:8)
  2 oozes
  3 adder skeletons
  2 adder zombies (D:6)
  3 worms
  2 leopard geckos
  22 orcs
  5 giant cockroaches
  8 goblins
  5 hobgoblins
  23 jackals
  2 quokkas
  A ball python (D:3)
  9 bats
  3 frilled lizards
  8 kobolds
  9 rats
175 creatures vanquished.

Notes
Turn   | Place    | Note
-------+----------+-------------------------------------------
     0 | D:1      | protoss039 the Gargoyle Monk began the quest for the Orb.
     0 | D:1      | Reached XP level 1. HP: 14/14 MP: 1/1
   283 | D:1      | Reached XP level 2. HP: 16/19 MP: 2/2
   657 | D:1      | Reached XP level 3. HP: 6/24 MP: 3/3
   660 | D:1      | Reached skill level 4 in Fighting
  1271 | D:2      | Reached XP level 4. HP: 28/30 MP: 4/4
  1770 | D:3      | Noticed Natasha
  1774 | D:3      | Killed Natasha
  1774 | D:3      | Reached skill level 5 in Fighting
  1774 | D:3      | Reached XP level 5. HP: 19/35 MP: 5/5
  2155 | D:3      | Found an opulent altar of Gozag.
  2592 | D:4      | Reached skill level 5 in Maces & Flails
  2592 | D:4      | Reached XP level 6. HP: 40/40 MP: 6/6
  2688 | D:4      | Noticed a phantom
  2730 | D:4      | Killed a phantom
  2829 | D:4      | Reached skill level 6 in Fighting
  3023 | D:4      | Reached XP level 7. HP: 41/47 MP: 5/7
  3080 | D:4      | Noticed zard0z's ghost (novice SpEn)
  3084 | D:4      | Gained mutation: Your mind is acute. (Int +2) [potion of mutation]
  3084 | D:4      | Gained mutation: Your movements are slightly less encumbered by armour. (ER -2) [potion of mutation]
  3084 | D:4      | Gained mutation: You expend magic power (3 MP) to strengthen your wands. [potion of mutation]
  3084 | D:4      | Gained mutation: You have large cloven feet. [potion of mutation]
  3442 | D:4      | Killed zard0z's ghost
  3442 | D:4      | Reached skill level 7 in Fighting
  3531 | D:4      | Found a shadowy altar of Dithmenos.
  3654 | D:4      | Reached XP level 8. HP: 46/53 MP: 8/8
  3921 | D:5      | Entered Level 5 of the Dungeon
  4009 | D:5      | Reached skill level 8 in Fighting
  4541 | D:5      | Noticed Karim's ghost (novice GnWr)
  4928 | D:6      | Reached skill level 9 in Fighting
  4949 | D:6      | Reached XP level 9. HP: 54/60 MP: 7/9
  4987 | D:6      | Got a pair of slimy boots
  5002 | D:6      | Identified the cursed -2 pair of boots of Levity {-Cast *Corrode rElec rN+++} (You found it on level 6 of the Dungeon)
  5055 | D:6      | Found a staircase to the Ecumenical Temple.
  5068 | Temple   | Entered the Ecumenical Temple
  5192 | Temple   | Became a worshipper of Warmaster Okawaru
  5192 | Temple   | Reached * piety under Okawaru
  5192 | Temple   | Reached ** piety under Okawaru
  5638 | D:7      | Reached skill level 1 in Armour
  5638 | D:7      | Reached skill level 1 in Invocations
  6329 | D:8      | Found Iczuolun's Gadget Emporium.
  6541 | D:8      | Noticed a two-headed ogre
  6771 | D:7      | HP: 3/61 [two-headed ogre/giant spiked club (12)]
  6771 | D:7      | Slain by a two-headed ogre

Vault maps used:
D:1:      dpeg_arrival_tiny_a
D:2:      st_stairs_4
D:3:      grunt_gozag_statues, uniq_natasha
D:4:      minmay_opposing_rooms, nicolae_dithmenos_through_a_glass_darkly,
          first_ration
D:6:      temple_hall, nicolae_sextant
D:8:      grunt_lair_entry_orc_guard_hut, serial_shops, kennysheep_mini_moat
Temple:   kilobyte_greek_temple

Skill      XL: |  1  2  3  4  5  6  7  8  9 |
---------------+----------------------------+-----
Fighting       | 4 5 6 7 9 |  9.5
Maces & Flails | 4 5 6 8 |  8.8
Armour         | 4 |  4.5
Invocations    | 4 |  4.5
Dodging        | |  2.4
Stealth        | |  2.1

Action                   |  1- 3 |  4- 6 |  7- 9 || total
-------------------------+-------+-------+-------++-------
Melee: Mace              |   141 |   264 |   507 ||   912
       Kick              |       |       |   119 ||   119
  Use: Potion            |       |     2 |     4 ||     6
       Scroll            |       |     4 |     4 ||     8
  Eat: Chunk             |     1 |     7 |    12 ||    20
Armor: Chain mail        |   194 |     6 |       ||   200
       Robe              |     2 |       |       ||     2
       Plate armour      |       |   216 |   389 ||   605
       Skin              |       |     4 |    10 ||    14
Dodge: Dodged            |   109 |    78 |   184 ||   371

Table legend:
 A = Spawn XP
 B = Non-spawn XP
 C = Spawn XP percentage of total XP
 D = Spawn monster count
 E = Non-spawn monster count
 F = Spawn count percentage of total count
 G = Total turns spent on level
                    A         B        C        D         E        F      G
               +---------+---------+-------+---------+---------+-------+---------
         Total |       0 |    4069 |   0.0 |       0 |     175 |   0.0 |  6771
               +---------+---------+-------+---------+---------+-------+---------
           D:1 |       0 |      37 |   0.0 |       0 |      23 |   0.0 |   933
           D:2 |       0 |      92 |   0.0 |       0 |      30 |   0.0 |   745
           D:3 |       0 |     169 |   0.0 |       0 |      26 |   0.0 |   869
           D:4 |       0 |    1019 |   0.0 |       0 |      33 |   0.0 |  1374
           D:5 |       0 |     732 |   0.0 |       0 |      19 |   0.0 |   951
           D:6 |       0 |     626 |   0.0 |       0 |      15 |   0.0 |   575
           D:7 |       0 |     783 |   0.0 |       0 |      17 |   0.0 |   420
           D:8 |       0 |     611 |   0.0 |       0 |      12 |   0.0 |   747
               +---------+---------+-------+---------+---------+-------+---------
